 Dungeon Crawl Stone Soup version 0.28.0-53-g5a82cb258f (webtiles) character file.

Game seed: 6838598081801742913

340 mcbry74 the Poker (level 6, 0/51 HPs)
             Began as a Minotaur Fighter on June 27, 2022.
             Slain by Duvessa
             ... wielding a +0 short sword
              (4 damage)
             ... on level 4 of the Dungeon.
             The game lasted 00:06:41 (2901 turns).

mcbry74 the Poker (Minotaur Fighter)                Turns: 2901, Time: 00:06:41

Health: 0/51       AC:  8    Str: 21    XL:     6   Next: 30%
Magic:  5/5        EV:  9    Int:  7    God:
Gold:   154        SH:  4    Dex:  9    Spells: 5/5 levels left

rFire   . . .      SeeInvis .   a - +2 trident
rCold   . . .      Faith    .   c - +0 buckler
rNeg    . . .      Spirit   .   b - +0 scale mail
rPois   .          Reflect  .   (helmet restricted)
rElec   .          Harm     .   (no cloak)
rCorr   .          Rampage  .   (no gloves)
Will    .....                   h - +0 pair of boots
Stlth   ..........              (no amulet)
HPRegen 0.17/turn               (no ring)
MPRegen 0.09/turn               (no ring)

@: mighty
A: horns 2, retaliatory headbutt
a: no special abilities


You were on level 4 of the Dungeon.
You visited 1 branch of the dungeon, and saw 4 of its levels.

You collected 154 gold pieces.

Inventory:

Hand Weapons
 a - a +2 trident (weapon)
Missiles
 e - 145 stones
 g - 4 poisoned darts (quivered)
 k - 6 javelins
 l - 2 boomerangs
Armour
 b - a +0 scale mail (worn)
 c - a +0 buckler (worn)
 h - a +0 pair of boots (worn)
Scrolls
 f - a scroll of immolation {unknown}
 i - a scroll of enchant armour {unknown}
 j - a scroll of holy word {unknown}


   Skills:
 - Level 3.6 Fighting
 * Level 6.5 Polearms
 + Level 2.7 Throwing
 - Level 4.2 Armour
 - Level 4.2 Shields


You had 5 spell levels left.
You didn't know any spells.
Your spell library contained the following spells:

 Spells                   Type           Power      Damage    Failure   Level
 Gell's Gravitas          Tloc           0%         N/A       99%         3
 Lesser Beckoning         Tloc           0%         N/A       99%         3
 Teleport Other           Tloc           0%         N/A       99%         3


Dungeon Overview and Level Annotations

Branches:
Dungeon (4/15)
 Temple: D:4-7

Altars:

Annotations:
D:4 Dowan, Duvessa


Innate Abilities, Weirdness & Mutations

You have a pair of horns on your head.
You reflexively headbutt those who attack you in melee.


Message History

l - 2 boomerangs You see here a scorpion corpse.
You feel very mighty all of a sudden.
You puncture Duvessa!
Duvessa is moderately wounded.
Duvessa hits you with a +0 short sword! x2
You hit Duvessa.
Duvessa is moderately wounded.
Duvessa hits you with a +0 short sword.
Duvessa gestures with her weapon.
You block Duvessa's attack.
You puncture Duvessa!
Duvessa is heavily wounded.
You block Duvessa's attack.
You barely miss Duvessa.
Duvessa is heavily wounded.
Duvessa hits you with a +0 short sword. x2
You barely miss Duvessa. Your headbutt misses Duvessa.
Duvessa is heavily wounded.
Dowan mumbles some strange words.
Dowan blinks!
Duvessa drinks a potion.
Duvessa is healed!
You puncture Duvessa!
Duvessa is moderately wounded.
Duvessa hits you with a +0 short sword. Duvessa closely misses you.
You puncture Duvessa!
Duvessa is severely wounded.
Duvessa drinks a potion.
Duvessa is healed!
You completely miss Duvessa. Your headbutt misses Duvessa.
Duvessa is lightly wounded.
Duvessa hits you with a +0 short sword!
* * * LOW HITPOINT WARNING * * *
Duvessa hits you with a +0 short sword!
* * * LOW HITPOINT WARNING * * *
You puncture Duvessa!
Duvessa is moderately wounded.
Duvessa hits you but does no damage.
You hit Duvessa.
Duvessa is heavily wounded.
Duvessa closely misses you. Duvessa hits you with a +0 short sword.
You die...

#..# #........#
#..## ##...##..#
#..####....#..##
#.........#...###
##................
#..#####.....###..
##..# #.....#
.######..##
#......#
.......e@#
#...#...#
........e#
#..###...#
......#..## #...#
#.##
#......#..##....#
.#
###...(.........#
## ##............#
##....##.......
(....## ...e...
...... .......


You could see Duvessa (fast) and Dowan.

Vanquished Creatures
  Sigmund (D:2)
  A scorpion (D:4)
  Jessica (D:2)
  5 adders
  A dart slug (D:1)
  5 ball pythons
  7 endoplasms
  3 giant cockroaches
  4 hobgoblins (D:1)
  8 jackals
  3 kobolds
  2 quokkas (D:1)
  A bat (D:2)
  A frilled lizard (D:1)
  4 goblins
  5 rats
52 creatures vanquished.

Vanquished Creatures (others)
  A quokka (D:4)
1 creature vanquished.

Grand Total: 53 creatures vanquished

Notes
Turn   | Place    | Note
-------+----------+-------------------------------------------
     0 | D:1      | mcbry74 the Minotaur Fighter began the quest for the Orb.
     0 | D:1      | Reached XP level 1. HP: 19/19 MP: 0/0
   160 | D:1      | Reached skill level 3 in Polearms
   160 | D:1      | Reached XP level 2. HP: 18/26 MP: 1/1
  1028 | D:2      | Reached XP level 3. HP: 21/31 MP: 2/2
  1236 | D:2      | Reached skill level 4 in Polearms
  1332 | D:2      | Noticed Sigmund
  1347 | D:2      | Killed Sigmund
  1348 | D:2      | Reached skill level 5 in Polearms
  1348 | D:2      | Reached XP level 4. HP: 39/39 MP: 3/3
  1348 | D:2      | Reached XP level 5. HP: 45/45 MP: 4/4
  1596 | D:2      | Noticed Jessica
  1602 | D:2      | Killed Jessica
  1603 | D:2      | Reached skill level 6 in Polearms
  2092 | D:3      | Reached XP level 6. HP: 51/51 MP: 5/5
  2885 | D:4      | Noticed Duvessa
  2885 | D:4      | Noticed Dowan
  2901 | D:4      | Slain by Duvessa

Illustrated notes

Levels and vault maps discovered:
D:1:      kennysheep_arrival_seaside, layout_loops_ring
D:2:      layout_basic, uniq_sigmund, uniq_jessica
D:3:      layout_basic
D:4:      kennysheep_goblin_castle, layout_layer_cave, lemuel_temple_firewalk_a,
          goddamned_bats, uniq_duvessa, uniq_eustachio

Skill      XL: |  1  2  3  4  5 |
---------------+----------------+-----
Polearms       | 3 5 6 |  6.5
Armour         | 4 |  4.2
Shields        | 4 |  4.2
Throwing       | 2 |  2.7
Fighting       | |  3.6

Action                   |  1- 3 |  4- 6 || total
-------------------------+-------+-------++-------
Melee: Trident           |    76 |    57 ||   133
       Headbutt          |     6 |     4 ||    10
Throw: Dart              |     5 |     5 ||    10
  Use: Scroll            |     3 |     2 ||     5
       Potion            |       |     1 ||     1
Armor: Scale mail        |    21 |    12 ||    33
Dodge: Dodged            |    19 |    15 ||    34
Block: Buckler           |     3 |    10 ||    13
